 Dungeon Crawl Stone Soup version 0.29-a0-555-g3b24f45cc1 (webtiles) character file.

Game seed: 12796490324450600052

3392 lunkers the Artisan of Death (level 9, -10/85 HPs)
             Began as a Vampire Necromancer on June 7, 2022.
             Was a Priest of Kikubaaqudgha.
             Mangled by a white ugly thing (18 damage)
             ... on level 8 of the Dungeon.
             The game lasted 00:21:59 (8288 turns).

lunkers the Artisan of Death (Vampire Necromancer)  Turns: 8288, Time: 00:22:00

Health: -10/85     AC: 24    Str:  7    XL:     9   Next: 75%
Magic:  20/20      EV:  2    Int: 21    God:    Kikubaaqudgha [***...]
Gold:   285        SH:  3    Dex: 15    Spells: 15/23 levels left

rFire   . . .      SeeInvis +   f - +1 dagger (elec)
rCold   . . .      Faith    .   A - +0 buckler {rPois}
rNeg    . . .      Spirit   .   (body armour currently unavailable)
rPois   +          Reflect  .   (helmet currently unavailable)
rElec   .          Harm     .   (cloak currently unavailable)
rCorr   .          Rampage  .   (gloves currently unavailable)
Will    .....      NoTele   +   (boots currently unavailable)
Stlth   ++........              (no amulet)
HPRegen 0.44/turn               B - ring of poison resistance
MPRegen 0.17/turn               (no ring)

@: tree-form (expiring), healing quickly
A: stationary, stasis, torment immunity, boosted hp, alive, (fangs 3), see
invisible, vampiric 2
a: Exsanguinate, Renounce Religion, Unearth Wretches


You were on level 8 of the Dungeon.
You worshipped Kikubaaqudgha.
Kikubaaqudgha was most pleased with you.
You were a tree.
You visited 2 branches of the dungeon, and saw 9 of its levels.
You also visited: Ossuary.

You collected 395 gold pieces.
You spent 110 gold pieces at shops.

Inventory:

Hand Weapons
 d - a +1 dagger of freezing
 f - a +1 dagger of electrocution (weapon)
Armour
 a - a +1 robe
 z - the +3 robe of Darkness (melded) {rPois Dex+4 SInv Stlth-}
   (You found it on level 5 of the Dungeon)

   Dex:       It affects your dexterity (+4).
   rPois:     It protects you from poison.
   SInv:      It lets you see invisible.
   Stlth:     It makes you less stealthy.
 A - a +0 buckler of poison resistance (worn)
 C - a +0 helmet (melded)
 D - a +2 kite shield
Jewellery
 l - a ring of fire
 B - a ring of poison resistance (left branch)
Wands
 r - a wand of iceblast (4)
Scrolls
 c - 2 scrolls of brand weapon
 e - 5 scrolls of enchant weapon
 h - a scroll of enchant armour
 j - 4 scrolls of teleportation
 k - a scroll of immolation
 n - 3 scrolls of blinking
 s - 3 scrolls of poison {unknown}
 y - 2 scrolls of identify
Potions
 b - 3 potions of magic
 g - 2 potions of haste
 i - a potion of brilliance
 m - 5 potions of curing
 o - 3 potions of flight
 p - 2 potions of mutation
 q - 4 potions of cancellation
 t - 4 potions of heal wounds
 u - a potion of resistance
 w - a potion of attraction
 E - a potion of berserk rage {unknown}


   Skills:
 - Level 2.1 Dodging
 - Level 3.0 Stealth
 + Level 7.6 Spellcasting
 * Level 13.0 Necromancy


You had 15 spell levels left.
You knew the following spells:

 Your Spells              Type           Power      Damage    Failure   Level
a - Necrotize             Necr           100%       1d9       1%          1
b - Vampiric Draining     Necr           58%        2d10      1%          3
c - Animate Dead          Necr           58%        N/A       1%          4

Your spell library contained the following spells:

 Spells                   Type           Power      Damage    Failure   Level
 Sublimation of Blood     Necr           58%        N/A       1%          2
 Dispel Undead            Necr           58%        3d21      1%          4
 Agony                    Necr           58%        N/A       1%          5
 Anguish                  Hex/Necr       17%        N/A       8%          4
 Freeze                   Ice            32%        1d5       12%         1
 Sandblast                Erth           16%        2d6       12%         1
 Passwall                 Tmut/Erth      6%         N/A       17%         2
 Corpse Rot               Necr/Pois/Air  26%        N/A       19%         4
 Borgnjor's Vile Clutch   Necr/Erth      17%        N/A       22%         5
 Frozen Ramparts          Ice            16%        1d3       34%         3
 Gell's Gravitas          Tloc           8%         N/A       34%         3
 Ignite Poison            Fire/Tmut/Pois 8%         N/A       34%         3
 Lesser Beckoning         Tloc           8%         N/A       34%         3
 Mephitic Cloud           Conj/Pois/Air  8%         N/A       34%         3
 Stone Arrow              Conj/Erth      16%        3d8       34%         3
 Teleport Other           Tloc           8%         N/A       34%         3
 Hailstorm                Conj/Ice       8%         3d4       75%         4
 Simulacrum               Ice/Necr       17%        N/A       75%         6
 Freezing Cloud           Conj/Ice/Air   4%         6-21      97%         5


Dungeon Overview and Level Annotations

Branches:
Dungeon (7/15)             Temple (1/1) D:4         Ossuary (visited)

Altars:
Ashenzari
Cheibriados
Dithmenos
Elyvilon
Fedhas
Hepliaklqana
Kikubaaqudgha
Nemelex Xobeh
Qazlal
Sif Muna
Trog
Uskayaw
Wu Jian
Xom
Yredelemnul
The Shining One

Shops:
D:2 =   D:5 !   D:6 *


Innate Abilities, Weirdness & Mutations

You are a tree.
Your roots penetrate the ground, keeping you stationary.
You cannot be teleported.
You are immune to unholy pain and torment.
Your maximum health is greatly increased.
Your equipment is partially melded.
Your natural rate of healing is accelerated.
((You have razor-sharp teeth.))
You have supernaturally acute eyesight. (SInv)
You are afflicted with vampirism and can become a bat while bloodless.


Message History

The white ugly thing is heavily wounded.
The white ugly thing pecks you but does no damage.
You hit the white ugly thing but do no damage.
The white ugly thing is heavily wounded.
The white ugly thing pecks you but does no damage.
You hit the white ugly thing but do no damage.
The white ugly thing is heavily wounded.
You block the white ugly thing's attack.
The white ugly thing pecks you!
* * * LOW HITPOINT WARNING * * *
The white ugly thing freezes you!
* * * LOW HITPOINT WARNING * * *
You feel better.
The white ugly thing pecks you but does no damage.
You barely miss the white ugly thing.
The white ugly thing is moderately wounded.
You block the white ugly thing's attack.
You hit the white ugly thing.
The white ugly thing is heavily wounded.
The white ugly thing pecks you but does no damage.
You closely miss the white ugly thing.
The white ugly thing is heavily wounded.
The white ugly thing pecks you but does no damage.
You hit the white ugly thing but do no damage.
The white ugly thing is heavily wounded.
The white ugly thing pecks you but does no damage.
You hit the white ugly thing but do no damage.
The white ugly thing is heavily wounded.
The white ugly thing pecks you but does no damage.
You barely miss the white ugly thing.
The white ugly thing is heavily wounded.
The white ugly thing pecks you but does no damage.
You hit the white ugly thing.
The white ugly thing is heavily wounded.
Your transformation is almost over.
The white ugly thing pecks you.
* * * LOW HITPOINT WARNING * * *
The white ugly thing freezes you!!
You die...
Kikubaaqudgha rasps: "You have failed me!
Welcome... death!"

#....#.#.##.#
#..)##......#
..####..#.####
..#....##>#
#...###.# ##...#
#.# ..###...##
#.#
........####(#
....>..Fluā™£..#
####.#########
#.


You could see a white ugly thing, a wyvern and a bullfrog.

Vanquished Creatures
  Grum (D:8)
  Menkaure (D:5)
  A water moccasin (D:6)
  2 ice beasts (D:8)
  2 sky beasts (D:6)
  A black bear (D:6)
  3 wolves (D:8)
  A centaur (D:7)
  2 phantoms (D:5)
  3 bullfrogs
  4 scorpions
  5 water moccasin zombies (Ossuary)
  4 wights (D:8)
  4 killer bees (D:8)
  5 jellies
  2 gnoll shamans
  4 orc priests
  3 hounds
  4 iguanas
  2 orc wizards
  2 mummies (Ossuary)
  9 gnolls
  11 adders
  2 shadow imps
  2 white imps
  3 adder zombies (Ossuary)
  4 worms
  3 dart slugs
  28 orcs
  8 ball pythons
  5 endoplasms
  4 giant cockroaches
  4 gnoll zombies
  7 goblins
  5 hobgoblins
  4 jackals (D:2)
  6 kobolds
  2 quokkas
  7 bats
  5 frilled lizards
  3 hobgoblin zombies (Ossuary)
  4 kobold zombies (Ossuary)
  8 orc zombies (Ossuary)
  7 rats
197 creatures vanquished.

Vanquished Creatures (collateral kills)
  An orc wizard (D:8)
  A gnoll (D:5)
  An orc (D:6)
  A goblin (D:1)
  A kobold (D:1)
5 creatures vanquished.

Vanquished Creatures (others)
  4 fungi (D:5)
4 creatures vanquished.

Grand Total: 206 creatures vanquished

Notes
Turn   | Place    | Note
-------+----------+-------------------------------------------
     0 | D:1      | lunkers the Vampire Necromancer began the quest for the
                  | Orb.
     0 | D:1      | Reached XP level 1. HP: 13/13 MP: 3/3
   386 | D:1      | Reached XP level 2. HP: 19/19 MP: 1/5
   593 | D:1      | Reached skill level 5 in Necromancy
  1201 | D:2      | Gained mutation: You are afflicted with vampirism and can
                  | become a bat while bloodless. [Vampire growth]
  1201 | D:2      | Reached XP level 3. HP: 24/24 MP: 4/6
  1305 | D:2      | Found Wimuce's Jewellery Boutique.
  1461 | D:2      | Found a faded altar of an unknown god.
  1506 | D:2      | Found a snail-covered altar of Cheibriados.
  2100 | D:3      | Reached XP level 4. HP: 17/30 MP: 2/8
  2174 | D:2      | Learned a level 3 spell: Vampiric Draining
  2316 | D:3      | Reached skill level 6 in Necromancy
  2661 | D:3      | Reached XP level 5. HP: 35/35 MP: 5/9
  3399 | D:4      | Reached skill level 7 in Necromancy
  3399 | D:4      | Reached XP level 6. HP: 41/41 MP: 5/11
  3486 | D:4      | Found a staircase to the Ecumenical Temple.
  3498 | Temple   | Entered the Ecumenical Temple
  3764 | Temple   | Became a worshipper of Kikubaaqudgha
  4597 | D:5      | Entered Level 5 of the Dungeon
  4866 | D:5      | Found a sand-covered staircase.
  4886 | D:5      | Reached skill level 8 in Necromancy
  4886 | D:5      | Reached XP level 7. HP: 27/46 MP: 13/13
  4940 | Ossuary  | Entered an ossuary
  4956 | Ossuary  | Learned a level 4 spell: Animate Dead
  5024 | Ossuary  | Reached * piety under Kikubaaqudgha
  5024 | Ossuary  | Received a gift from Kikubaaqudgha
  5214 | Ossuary  | Reached skill level 9 in Necromancy
  5264 | Ossuary  | Reached skill level 5 in Spellcasting
  5528 | D:5      | Reached XP level 8. HP: 35/52 MP: 8/15
  5596 | D:5      | Found Dexyug's Distillery.
  5656 | D:5      | Noticed Menkaure
  5663 | D:5      | Killed Menkaure
  5663 | D:5      | Reached ** piety under Kikubaaqudgha
  5767 | D:5      | Identified the +3 robe of Darkness {rPois Dex+4 SInv
                  | Stlth-}
  6062 | D:6      | Reached skill level 10 in Necromancy
  6609 | D:6      | Found Zobrair's Serpentskin Sales.
  6629 | D:6      | Bought a +0 buckler of poison resistance for 110 gold
                  | pieces
  6743 | D:6      | Reached skill level 11 in Necromancy
  7062 | D:7      | Reached XP level 9. HP: 57/57 MP: 13/18
  7567 | D:7      | Found a hazy altar of Hepliaklqana.
  7569 | D:7      | Found a broken altar of Ashenzari.
  7570 | D:7      | Found a stormy altar of Qazlal.
  7578 | D:7      | You fall into a shaft and drop 1 floor!
  7626 | D:8      | Reached *** piety under Kikubaaqudgha
  7626 | D:8      | Received a gift from Kikubaaqudgha
  7648 | D:8      | Reached skill level 12 in Necromancy
  8030 | D:8      | Noticed Grum
  8045 | D:8      | Killed Grum
  8056 | D:8      | Reached skill level 13 in Necromancy
  8057 | D:8      | HP: 2/57 [hornet (12)]
  8259 | D:8      | Noticed a white ugly thing
  8280 | D:8      | HP: 3/85 [white ugly thing (16)]
  8288 | D:8      | Mangled by a white ugly thing

Illustrated notes

Levels and vault maps discovered:
D:1:      minmay_arrival_stair_chambers, layout_loops_ring,
          minmay_misc_feat_square, minmay_misc_feat_tiny
D:2:      layout_basic, basic_altar, serial_shops, shop, basic_ecumenical_altar
D:3:      layout_loops_ring
D:4:      layout_gridville, minmay_temple_entry_slanted, minmay_bisected
D:5:      layout_cave_pools, serial_park, serial_park_square2,
          serial_park_square1 [serial_park_minivault_5x5_5], serial_park_square3
          [serial_park_minivault_5x5_6], serial_park_square1
          [serial_park_minivault_5x5_8], serial_park_gazebo
          [serial_park_minivault_5x5_7], serial_shops, shop, enter_ossuary_3,
          uniq_menkaure
D:6:      layout_rooms, guppyfry_shop_venom
D:7:      minmay_the_grid_octo_triangle [minmay_the_grid_octo_concentric,
          minmay_the_grid_octo_prize_big_c, minmay_the_grid_octo_shrine],
          layout_basic, chequers_serial_rivers_room_a, nrook_mini_backslash
D:8:      layout_loops_ring, ploomutoo_gammafunk_ghost_potion_laboratory,
          minmay_statues_item, minmay_bent, uniq_grum
Temple:   regret_index_temple_generic_petals

Skill      XL: |  1  2  3  4  5  6  7  8  9 |
---------------+----------------------------+-----
Necromancy     | 5 6 7 8 9 11 13 | 13.0
Spellcasting   | 3 4 5 6 7 |  7.6
Dodging        | |  2.1
Stealth        | |  3.0

Action                   |  1- 3 |  4- 6 |  7- 9 || total
-------------------------+-------+-------+-------++-------
Melee: Unarmed           |     3 |       |       ||     3
       Dagger            |    19 |    33 |   343 ||   395
       Bite              |     4 |     3 |    46 ||    53
       Punch             |       |       |     2 ||     2
 Cast: Necrotize         |    76 |   122 |    79 ||   277
       Vampiric Draining |       |       |    34 ||    34
Evoke: Wand              |       |       |    13 ||    13
  Use: Scroll            |       |    14 |     7 ||    21
       Potion            |       |       |     3 ||     3
 Stab: Sleeping          |       |       |     4 ||     4
Armor: Robe              |     5 |     5 |    71 ||    81
       Skin              |       |       |    15 ||    15
Dodge: Dodged            |    16 |    33 |   245 ||   294
Block: Buckler           |       |       |    25 ||    25

Table legend: (Time is in decaauts)
 A = Elapsed time spent in this place.
 B = Non-inter-level travel time spent in this place.
 C = Inter-level travel time spent in this place.
 D = Time resting spent in this place.
 E = Time spent auto-exploring this place.
 F = Levels seen in this place.
 G = Mean time per level.
                   A        B        C        D        E       F      G
               +--------+--------+--------+--------+--------+-----+--------+
         Total |   8296 |   8088 |    208 |    539 |   6027 |  10 |  829.6 |
       Dungeon |   7548 |   7400 |    148 |    443 |   5654 |   8 |  943.5 |
        Temple |    305 |    245 |     60 |      0 |    236 |   1 |  305.0 |
       Ossuary |    441 |    441 |      0 |     96 |    137 |   1 |  441.0 |
               +--------+--------+--------+--------+--------+-----+--------+

Top non-repeatable levels by time:
     D:2: 1260 daAuts
     D:3: 1090 daAuts
     D:5: 1016 daAuts
     D:4: 992 daAuts
     D:6: 962 daAuts
     D:1: 948 daAuts
     D:8: 715 daAuts
     D:7: 561 daAuts
 Ossuary: 441 daAuts
  Temple: 305 daAuts
